 Dungeon Crawl Stone Soup version 0.26.1-2-gb8aa6d0cf2 (webtiles) character file.

Game seed: 15545317274773764703

32 Gadfly the Skirmisher (level 3, -2/39 HPs)
             Began as an Ogre Monk on Feb 12, 2021.
             Shot with an arrow by a centaur (6 damage)
             ... on level 2 of the Dungeon.
             The game lasted 00:01:54 (1643 turns).

Gadfly the Skirmisher (Ogre Monk)                   Turns: 1643, Time: 00:01:54

Health: -2/39      AC:  3    Str: 16    XL:     3   Next: 25%
Magic:  3/3        EV: 10    Int: 11    God:
Gold:   71         SH:  0    Dex: 11    Spells: 2/2 levels left

rFire    . . .     SeeInvis .   a - +0 mace
rCold    . . .     Faith    .   (no shield)
rNeg     . . .     Spirit   .   b - +0 robe
rPois    .         Reflect  .   (helmet restricted)
rElec    .         Harm     .   (no cloak)
rCorr    .         Rampage  .   (gloves unavailable)
Will     .....                  (boots unavailable)
Stlth    ++........             (no amulet)
HPRegen  0.13/turn              (no ring)
MPRegen  0.08/turn              (no ring)

@: attractive
A: large, unfitting armour, tough skin 1
a: no special abilities


You were on level 2 of the Dungeon.
You visited 1 branch of the dungeon, and saw 2 of its levels.

You collected 71 gold pieces.

Inventory:

Hand Weapons
 a - a +0 mace (weapon)
Armour
 b - a +0 robe (worn)
Scrolls
 c - a scroll of teleportation
 d - a scroll of remove curse
 e - a scroll of enchant armour {unknown}
 f - a scroll of blinking {unknown}
 h - a scroll of fog {unknown}


   Skills:
 - Level 4.0 Fighting
 + Level 2.8 Maces & Flails
 * Level 1.1 Throwing
 * Level 0.9 Armour
 - Level 2.6 Dodging
 - Level 1.4 Stealth
 * Level 1.2 Invocations
 * Level 0.7 Evocations


You had 2 spell levels left.
You didn't know any spells.
Your spell library was empty.

Dungeon Overview and Level Annotations

Branches:
Dungeon (2/15)

Altars:


Innate Abilities, Weirdness & Mutations

You are too large for most types of armour.
You have tough skin. (AC +1)


Message History

You are too injured to fight recklessly!
You are too injured to fight recklessly!
You are too injured to fight recklessly!
You are too injured to fight recklessly!
You are too injured to fight recklessly!
You are too injured to fight recklessly!
You are too injured to fight recklessly!
You are too injured to fight recklessly!
You are too injured to fight recklessly!
You are too injured to fight recklessly!
You are too injured to fight recklessly!
You are too injured to fight recklessly!
You are too injured to fight recklessly!
You are too injured to fight recklessly!
You are too injured to fight recklessly!
You are too injured to fight recklessly!
It was a potion of attraction.
You feel attractive to monsters.
The centaur shoots an arrow.
The arrow hits you.
You die...

.##.###.###.##...###########.....
.##.# #.......[............#####.
.##.# #####.#.#....#######.# #.
....# #.....#.#..#(# #.# #. #.###
#.####.....#.# #.#####. #.#
####..(.# #....... #.# #.#..#
######## #.# #....# #.# ##@#.#
..###### #.#..# ........ #c.....
.<##..#. ...#.### †....... ......
......# #.###... .##.### .. ...
....# ## . .(###


You could see a centaur.

Vanquished Creatures
  2 leopard geckos (D:1)
  A ball python (D:1)
  A giant cockroach (D:2)
  2 goblins
  2 hobgoblins
  4 jackals (D:2)
  A quokka (D:2)
  8 bats
  A frilled lizard (D:1)
  2 kobolds
  4 rats
28 creatures vanquished.

Notes
Turn   | Place    | Note
-------+----------+-------------------------------------------
     0 | D:1      | Gadfly the Ogre Monk began the quest for the Orb.
     0 | D:1      | Reached XP level 1. HP: 24/24 MP: 1/1
   481 | D:1      | Reached XP level 2. HP: 32/32 MP: 2/2
  1164 | D:2      | Reached skill level 1 in Throwing
  1168 | D:2      | Reached XP level 3. HP: 7/39 MP: 3/3
  1170 | D:2      | Reached skill level 1 in Invocations
  1637 | D:2      | Noticed a centaur
  1643 | D:2      | Shot with an arrow by a centaur

Illustrated notes

Levels and vault maps discovered:
D:1:      dpeg_arrival_orchard, layout_basic
D:2:      layout_basic

Skill      XL: |  1  2  3 |
---------------+----------+-----
Throwing       | 1 |  1.1
Invocations    | 1 |  1.2
Fighting       | |  4.0
Maces & Flails | |  2.8
Armour         | |  0.9
Dodging        | |  2.6
Stealth        | |  1.4
Evocations     | |  0.7

Action                   || total
-------------------------++-------
Melee: Mace              ||    87
  Use: Scroll            ||     4
       Potion            ||     2
 Stab: Sleeping          ||     4
Armor: Robe              ||    35
Dodge: Dodged            ||    57
